 Dungeon Crawl Stone Soup version 0.30-a0-118-ga018f8e90f (webtiles) character file.

Game seed: 10982423646380541276

285222 freelancePsychic the Warrior (level 19, -7/161 HPs)
             Began as a Mummy Wanderer on Sept 12, 2022.
             Was the Champion of Nemelex Xobeh.
             Mangled by a fire giant
             ... wielding a +0 great sword of flaming
              (17 damage)
             ... on level 1 of the Vaults on Sept 13, 2022.
             The game lasted 01:59:52 (56154 turns).

freelancePsychic the Warrior (Mummy Wanderer)      Turns: 56154, Time: 01:59:52

Health: -7/161     AC: 24    Str: 13    XL:     19   Next: 80%
Magic:  0/34       EV: 14    Int: 19    God:    Nemelex Xobeh [******]
Gold:   1877       SH:  7    Dex: 20    Spells: 17/40 levels left

rFire   . . .      SeeInvis .    b - +9 demon blade (freeze)
rCold   + + .      Faith    +    G - +1 buckler {rC+}
rNeg    + + +      Spirit   +    P - +2 ring mail {rF+}
rPois   ∞          Reflect  .    O - +2 helmet
rElec   .          Harm     .    c - +2 cloak {rCorr}
rCorr   +          Rampage  +    q - +2 pair of gloves
Will    ++...                    j - +2 pair of boots {rampage}
Stlth   +.........               T - amulet of Velit {Spirit Regen+}
HPRegen 1.16/turn                Y - +6 ring of intelligence
MPRegen 0.24/turn                D - +4 ring of protection

@: studying Long Blades
A: cold resistance 1, negative energy resistance 3, torment resistance 2, heat
vulnerability 1, in touch with death 2, no potions, faith
}: 2/15 runes: barnacled, gossamer
a: Renounce Religion, Draw Escape, Draw Destruction, Draw Summoning, Draw Stack,
Triple Draw, Deal Four, Stack Five


You were on level 1 of the Vaults.
You worshipped Nemelex Xobeh.
Nemelex Xobeh was exalted by your worship.
You visited 7 branches of the dungeon, and saw 34 of its levels.
You visited 1 bazaar.
You also visited: Bailey, Ice Cave and Volcano.

You collected 5133 gold pieces.
You spent 3256 gold pieces at shops.

Inventory:

Hand Weapons
 a - the +7 great mace "Firestarter" {inner flame, rF++}
   (You took it off a deep elf knight on level 3 of the Elven Halls)

   It burns those it strikes, dealing additional fire damage.
   It fills those it strikes with an explosive inner flame.
   It grants immunity to clouds of flame.
   rF:        It greatly protects you from fire.
 b - a +9 demon blade of freezing (weapon)
 H - a +0 dagger of electrocution
Missiles
 Q - 10 silver javelins
 U - 2 throwing nets
Armour
 c - a +2 cloak of preservation (worn)
 j - a +2 pair of boots of rampaging (worn)
 q - a +2 pair of gloves (worn)
 B - a +0 troll leather armour
 G - a +1 buckler of cold resistance (worn)
 O - a +2 helmet (worn)
 P - a +2 ring mail of fire resistance (worn)
Magical Staves
 r - a staff of fire
Jewellery
 f - the ring "Cenn" {rPois rC+++ Will+ Str-3 Stlth+}
   (You took it off a deep elf annihilator on level 3 of the Elven Halls)

   [ring of poison resistance]

   Str:       It affects your strength (-3).
   rC:        It renders you almost immune to cold.
   rPois:     It protects you from poison.
   Will:      It increases your willpower.
   Stlth:     It makes you more stealthy.
 g - a +6 ring of strength
 o - a ring of magical power
 t - a +4 ring of slaying
 w - a +6 ring of dexterity
 x - a ring of protection from fire
 D - a +4 ring of protection (right hand)
 F - an amulet of magic regeneration
 R - a ring of ice
 S - an amulet of guardian spirit
 T - the amulet of Velit (around neck) {Spirit Regen+}
   (You bought it in a shop in a bazaar)

   [amulet of guardian spirit]

   It causes incoming damage to be divided between your reserves of health and
   magic.
   Regen:     It increases your rate of health regeneration.
 W - a ring of protection from cold
 X - a +6 ring of dexterity
 Y - a +6 ring of intelligence (left hand)
 Z - the ring "Asuucogu" {+Blink rElec rC+ Str+6 Int-4}
   (You found it on level 2 of the Elven Halls)

   [ring of strength]

   Str:       It affects your strength (+6).
   Int:       It affects your intelligence (-4).
   rC:        It protects you from cold.
   rElec:     It insulates you from electricity.
   +Blink:    It lets you blink.
Wands
 d - a wand of polymorph (17)
 p - a wand of paralysis (28)
 y - a wand of flame (37)
 z - a wand of roots (21)
 J - a wand of quicksilver (11)
 M - a wand of mindburst (22)
 N - a wand of digging (8)
Scrolls
 e - 3 scrolls of brand weapon
 h - 32 scrolls of identify {@r1}
 i - 6 scrolls of fog
 k - 4 scrolls of poison
 l - 4 scrolls of enchant armour
 m - 4 scrolls of immolation
 n - 5 scrolls of amnesia
 s - a scroll of torment
 u - 2 scrolls of noise
 v - 4 scrolls of blinking
 A - 3 scrolls of summoning
 C - 3 scrolls of vulnerability
 K - 10 scrolls of teleportation {@r4}
 L - 5 scrolls of magic mapping
 V - a scroll of silence
Miscellaneous
 E - a condenser vane
 I - a phantom mirror


   Skills:
 - Level 17.4 Fighting
 - Level 5.8(10.5) Short Blades
 - Level 13.5(14.0) Long Blades
 + Level 4.1 Armour
 - Level 6.7 Dodging
 - Level 4.0 Shields
 - Level 11.0 Spellcasting
 - Level 6.2 Conjurations
 - Level 4.5 Hexes
 - Level 12.6 Necromancy
 - Level 4.1 Transmutations
 - Level 4.1 Fire Magic
 - Level 6.0 Air Magic
 + Level 9.5 Earth Magic
 - Level 9.0 Poison Magic
 + Level 12.3 Invocations
 - Level 1.5 Evocations


You had 17 spell levels left.
You knew the following spells:

 Your Spells              Type           Power      Damage    Failure   Level
a - Borgnjor's Vile Clut  Necr/Erth      43%        N/A       5%          5
b - Searing Ray           Conj           68%        2d6       2%          2
c - Ignite Poison         Fire/Tmut/Pois 32%        N/A       4%          3
d - Olgreb's Toxic Radia  Pois           44%        N/A       4%          4
e - Mephitic Cloud        Conj/Pois/Air  37%        N/A       3%          3
f - Dispel Undead         Necr           92%        3d29      1%          4
g - Apportation           Tloc           20%        N/A       19%         1
h - Slow                  Hex            100%       N/A       2%          1

Your spell library contained the following spells:

 Spells                   Type           Power      Damage    Failure   Level
 Magic Dart               Conj           100%       1d8       1%          1
 Necrotise                Necr           100%       1d9       1%          1
 Cigotuvi's Dreadful Rot  Necr/Pois/Air  100%       N/A       1%          2
 Static Discharge         Conj/Air       66%        3-8/arc   2%          2
 Scorch                   Fire           52%        2d8       4%          2
 Dazzling Flash           Conj/Hex       60%        N/A       6%          3
 Inner Flame              Hex/Fire       26%        N/A       10%         3
 Leda's Liquefaction      Hex/Erth       18%        N/A       10%         4
 Lee's Rapid Deconstruct  Erth           23%        3d14*     10%         5
 Petrify                  Tmut/Erth      36%        N/A       11%         4
 Kindle Blastsparks       Fire/Tloc/Air  46%        2d13      14%         3
 Death Channel            Necr           46%        N/A       16%         6
 Summon Small Mammal      Summ           40%        N/A       19%         1
 Fulminant Prism          Conj/Hex       15%        3d11      21%         4
 Portal Projectile        Hex/Tloc       38%        N/A       22%         3
 Flame Wave               Conj/Fire      30%        2d9       22%         4
 Call Imp                 Summ           10%        N/A       26%         2
 Alistair's Intoxication  Tmut/Pois      23%        N/A       34%         5
 Iskenderun's Battlesphe  Conj           34%        2d9       36%         5
 Arcjolt                  Conj/Air       16%        1d26      38%         5
 Hailstorm                Conj/Ice       22%        3d7       45%         4
 Iskenderun's Mystic Bla  Conj/Tloc      22%        2d6       45%         4
 Call Canine Familiar     Summ           10%        N/A       47%         3
 Frozen Ramparts          Ice            20%        1d4       47%         3
 Gell's Gravitas          Tloc           10%        N/A       47%         3
 Teleport Other           Tloc           10%        N/A       47%         3
 Fireball                 Conj/Fire      15%        3d8       52%         5
 Freezing Cloud           Conj/Ice/Air   12%        6-21      67%         5
 Iron Shot                Conj/Erth      20%        9d5       73%         6
 Summon Ice Beast         Ice/Summ       10%        N/A       87%         4
 Eringya's Noxious Bog    Tmut/Pois      17%        N/A       88%         6
 Metabolic Englaciation   Hex/Ice        9%         N/A       89%         5
 Summon Mana Viper        Hex/Summ       19%        N/A       89%         5
 Simulacrum               Ice/Necr       33%        N/A       91%         6
 Conjure Ball Lightning   Conj/Air       16%        3x3d6     92%         6
 Starburst                Conj/Fire      15%        6d6       97%         6
 Summon Forest            Summ/Tloc      5%         N/A       99%         5
 Dispersal                Tloc           5%         N/A       100%        6
 Summon Cactus Giant      Summ           5%         N/A       100%        6
 Haunt                    Necr/Summ      33%        N/A       100%        7
 Orb of Destruction       Conj           17%        9d7       100%        7
 Ozocubu's Refrigeration  Ice            5%         4d8       100%        7
 Spellforged Servitor     Conj/Summ      11%        N/A       100%        7
 Ignition                 Fire           13%        3d6       100%        8
 Ice Form                 Ice/Tmut       Unusable   N/A       N/A         4
 Statue Form              Tmut/Erth      Unusable   N/A       N/A         6

Dungeon Overview and Level Annotations

Branches:
Dungeon (15/15)            Temple (0/1) D:6            Lair (5/5) D:10
 Shoals (4/4) Lair:2       Spider (4/4) Lair:2        Slime (0/5) Lair:4
    Orc (2/2) D:9             Elf (3/3) Orc:2        Vaults (1/5) D:13
 Bailey (visited)           IceCv (visited)         Volcano (visited)
 Depths: D:15

Altars:
Kikubaaqudgha
Nemelex Xobeh
Trog
Vehumet
Wu Jian
Jiyva

Shops:
D:5 :(   D:9 ([   Orc:2 ?:=(   Elf:3 (::=   Shoals:1 :!   Shoals:2 *?

Portals:
Trove: D:14 (show abyssal rune of Zot)

Annotations:
D:4 exclusion: downstairs
D:13 jlumianski's ghost, journeyman DsGl
Lair:1 1 runed translucent door, LnG's ghost, journeyman HOFi
Elf:2 3 runed translucent doors


Innate Abilities, Weirdness & Mutations

You are immune to poison.
Your flesh is cold resistant. (rC+)
You are immune to negative energy. (rN+++)
You are immune to unholy pain and torment.
You are vulnerable to heat. (rF-)
You are strongly in touch with the powers of death.
You do not drink.
You have a special connection with the divine. (Faith)


Message History

The vault guard hits you but does no damage.
The ironbound convoker begins to recite a word of recall!
The vault warden hits you with a +5 broad axe of flaming.
The vault warden burns you.
You draw a card...
You have drawn the Dance.
The vault guard hits you but does no damage.
The ironbound frostheart closely misses you.
The vault warden hits you with a +5 broad axe of flaming!!
The vault warden burns you.
You barely miss the ironbound frostheart.
The vault guard hits you but does no damage.
The ironbound frostheart barely misses you.
The vault warden hits you with a +5 broad axe of flaming!
The vault warden burns you.
You slice the ironbound frostheart!! You freeze the ironbound frostheart.
The ironbound frostheart is heavily wounded.
Your +4 demon trident of speed barely misses the vault guard.
You slash the vault guard! You freeze the vault guard.
The vault guard is almost dead.
The deep elf high priest is recalled. x2; The fire giant is recalled.
You block the vault guard's attack.
The ironbound frostheart touches you but does no damage.
The ironbound convoker gestures at the deep elf high priest while chanting.
The deep elf high priest seems to grow stronger.
The vault warden hits you with a +5 broad axe of flaming!!
* * * LOW HITPOINT WARNING * * *
The vault warden burns you.
* * * LOW HITPOINT WARNING * * *
An ironbound thunderhulk comes into view.
It is wielding a +0 dire flail.
Your +4 demon trident of speed hits the vault guard from afar!
The vault guard dies!
A fire giant comes into view.
It is wielding a +0 great sword of flaming.
The fire giant gestures at you while chanting.
The bolt of fire hits you!!
* * * LOW HITPOINT WARNING * * *
A deep elf high priest comes into view. It is wielding a +0 long sword.
The fire giant attacks as you move away!
The fire giant hits you with a +0 great sword of flaming!!
You die...
Your body glows with a rainbow of weird colours and disappears.

..# ..# ..#
..# ..# ..#
##########..#
#......)#)..#
#.....@pep).#
#....(Cp##O.#
#...>...# ..#
#.......# ..#
#.......#


pp# #+#######+##### p.# ## #.........# p.# .# #.........# .# #.........# You
could see a fire giant (ally target), a vault warden, an ironbound thunderhulk,
an ironbound frostheart, a deep elf high priest (strong), an ironbound convoker
(catching breath) and a friendly +4 demon trident of speed (summoned).

Vanquished Creatures
  A dread lich (Vaults:1)
  Nikola (Shoals:2)
  3 deep elf blademasters (Elf:3)
  3 deep elf master archers (Elf:3)
  Frances (D:14)
  Kirke (D:14)
  Donald (Orc:2)
  Ilsuiw (Shoals:2)
  A frost giant (IceCv)
  7 deep elf sorcerers (Elf:3)
  5 emperor scorpions
  3 vault wardens (Vaults:1)
  3 ghost moths
  An orc warlord (Orc:2)
  4 deep elf elementalists (Elf:3)
  2 ironbound preservers (Vaults:1)
  3 broodmothers (Spider:4)
  A very ugly thing (Vaults:1)
  2 ironbound thunderhulks (Vaults:1)
  3 deep elf demonologists
  A dire elephant (Vaults:1)
  4 entropy weavers
  7 deep elf annihilators
  4 spark wasps
  Snorg (D:13)
  3 merfolk javelineers
  8 merfolk impalers
  A fire dragon (Lair:5)
  4 deep elf death magi (Elf:3)
  A great orb of eyes (Vaults:1)
  3 deep elf high priests (Elf:3)
  2 catoblepae
  2 ironbound frosthearts (Vaults:1)
  8 vault guards (Vaults:1)
  3 jorogumos
  4 hydras
  9 centaur warriors
  Erolcha (Orc:2)
  4 radroaches
  3 ogre magi
  2 merfolk avatars (Shoals:4)
  A satyr (Shoals:4)
  A tengu warrior (D:15)
  9 dancing weapons
  5 merfolk aquamancers (Shoals:4)
  10 boulder beetles
  14 two-headed ogres
  4 death yaks (IceCv)
  2 orc high priests (Elf:1)
  Nergalle (Orc:2)
  A hell knight (Volcano)
  17 deep elf knights
  Sonja (D:12)
  8 pharaoh ants
  15 sea snakes
  8 deep elf archers
  3 sun moths
  5 deep trolls (Vaults:1)
  13 orb spiders
  A cherub (Spider:1)
  A swamp dragon (Lair:5)
  A lindwurm (Lair:4)
  7 steelbarb worms
  3 wizards
  An ironbound convoker (Vaults:1)
  18 wolf spiders
  6 harpies
  2 orc knights
  2 necromancers (D:13)
  4 fauns
  28 deep elf zephyrmancers
  15 manticores
  23 deep elf pyromancers
  9 orc sorcerers
  4 cyclopes
  16 ugly things
  7 elephants
  Maurice (D:12)
  A moth of wrath (shapeshifter) (D:13)
  4 water nymphs (Shoals:4)
  Joseph (D:10)
  9 merfolk sirens
  5 black mambas
  2 gargoyles
  3 vault sentinels (Vaults:1)
  2 guardian serpents
  A torpor snail (Spider:4)
  An ice statue (IceCv)
  A molten gargoyle (Volcano)
  5 demonic crawlers
  5 unseen horrors (Elf:2)
  6 kobold demonologists
  17 cane toads
  Psyche (D:9)
  11 komodo dragons
  8 yaktaurs (Vaults:1)
  An efreet (D:13)
  11 rime drakes
  2 ice devils (Lair:1)
  3 tengu conjurers
  5 polar bears
  6 meliai
  5 trolls
  8 wind drakes
  27 merfolk
  8 hornets
  A hornet (shapeshifter) (D:13)
  24 tarantellas
  19 blink frogs
  17 slime creatures
  A jumping spider (shapeshifter) (Elf:2)
  9 snapping turtles
  30 jumping spiders
  20 culicivoras
  Sigmund (D:2)
  3 water elementals
  53 yaks
  2 air elementals
  A fire bat (Volcano)
  A spriggan (shapeshifter) (Elf:1)
  14 wyverns
  2 fire elementals
  A wraith (D:12)
  A human (shapeshifter) (Elf:3)
  6 humans
  3 hogs (D:14)
  5 basilisks
  A steam dragon (Lair:5)
  55 redbacks
  6 vampire mosquitoes (D:14)
  4 wargs (Orc:2)
  21 water moccasins
  5 acid dragons
  15 orc warriors
  3 swamp drakes (Lair:5)
  A sky beast (D:8)
  2 black bears
  14 wolves
  6 ogres
  A phantom (D:6)
  3 kobold brigands
  Blork the orc (D:4)
  4 earth elementals
  10 bullfrogs
  4 scorpions
  2 necrophages
  12 wights
  3 killer bees (D:9)
  6 howler monkeys
  5 electric eels
  4 lava snakes (Volcano)
  2 hounds
  2 jellies
  9 orc priests
  A gnoll bouda (D:5)
  11 iguanas
  Ijyb (D:4)
  28 orc wizards
  6 adders
  4 gnolls
  2 river rats (D:5)
  A shadow imp (D:7)
  3 white imps
  An ufetubus (D:6)
  4 worms
  3 dart slugs
  69 orcs
  5 bats
  5 endoplasms
  3 giant cockroaches
  5 goblins
  7 hobgoblins
  4 jackals
  10 kobolds
  4 quokkas
  9 ball pythons
  A frilled lizard (D:1)
  2 rats (D:2)
  A butterfly (Lair:4)
1153 creatures vanquished.

Vanquished Creatures (collateral kills)
  Gastronok (Lair:2)
  An emperor scorpion (Spider:3)
  A vault guard (Vaults:1)
  A two-headed ogre (D:8)
  A deep elf knight (Elf:3)
  A sun moth (Spider:3)
  An orb spider (Spider:3)
  2 wolf spiders (Spider:3)
  An ugly thing (Volcano)
  A torpor snail (Spider:3)
  A smoke demon (Volcano)
  A cane toad (Lair:5)
  2 red devils (Volcano)
  2 blink frogs (Lair:5)
  3 culicivoras (Spider:3)
  A wyvern (D:6)
  2 redbacks (Spider:3)
  2 water moccasins (Lair:5)
  Pargi (D:4)
  A gnoll (D:6)
  2 orc zombies (D:6)
  A river rat (D:6)
  A worm (Lair:2)
  An orc (D:8)
  An endoplasm (D:6)
  2 kobolds (D:10)
35 creatures vanquished.

Vanquished Creatures (others)
  A deep elf knight (Elf:3)
  A deep elf zephyrmancer (Elf:1)
  A merfolk (Shoals:2)
  2 orc wizards (Orc:2)
  48 fungi
  169 plants
  6 withered plants (D:15)
228 creatures vanquished.

Grand Total: 1416 creatures vanquished

Notes
Turn   | Place    | Note
-------+----------+-------------------------------------------
     0 | D:1      | freelancePsychic the Mummy Wanderer began the quest for the
                  | Orb.
     0 | D:1      | freelancePsychic set off with the following items: a +0
                  | dagger, a scroll of blinking, a +0 leather armour, a wand
                  | of polymorph (6); and the following spell memorised: Slow;
                  | and the following spells available to memorise: Dazzling
                  | Flash, Inner Flame, Searing Ray, Static Discharge.
     0 | D:1      | Reached XP level 1. HP: 13/13 MP: 5/5
   180 | D:1      | Reached skill level 1 in Fighting
   253 | D:1      | Reached XP level 2. HP: 7/22 MP: 4/7
   582 | D:1      | Learned a level 2 spell: Searing Ray
  1221 | D:1      | Noticed a shining eye
  1226 | D:1      | Found a faded altar of an unknown god.
  1226 | D:1      | Noticed a floating eye
  1230 | D:1      | Noticed an eye of devastation
  1230 | D:1      | Noticed an eye of devastation
  1235 | D:1      | Prayed at the altar of an unknown god.
  1235 | D:1      | Became a worshipper of Nemelex Xobeh the Trickster
  1235 | D:1      | Reached * piety under Nemelex Xobeh
  1235 | D:1      | Received a gift from Nemelex Xobeh
  1348 | D:1      | Reached skill level 1 in Conjurations
  2293 | D:2      | Gained mutation: You are in touch with the powers of death.
                  | [Mummy growth]
  2293 | D:2      | Reached XP level 3. HP: 16/27 MP: 8/8
  2527 | D:2      | Noticed Sigmund
  2528 | D:2      | Killed Sigmund
  2529 | D:2      | Reached skill level 3 in Fighting
  2529 | D:2      | Reached XP level 4. HP: 35/35 MP: 10/10
  2529 | D:2      | Reached XP level 5. HP: 41/41 MP: 11/11
  2760 | D:3      | Received a gift from Nemelex Xobeh
  2760 | D:3      | Reached ** piety under Nemelex Xobeh
  3226 | D:3      | Reached XP level 6. HP: 39/48 MP: 12/12
  3826 | D:4      | Noticed Pargi
  3835 | D:4      | Killed Pargi
  3836 | D:4      | Reached skill level 4 in Fighting
  3836 | D:4      | Reached skill level 1 in Short Blades
  3984 | D:4      | Noticed Blork the orc
  4309 | D:4      | Killed Blork the orc
  4310 | D:4      | Reached XP level 7. HP: 34/55 MP: 13/13
  4429 | D:4      | Reached *** piety under Nemelex Xobeh
  4605 | D:4      | Noticed Ijyb
  4622 | D:4      | Killed Ijyb
  4993 | D:4      | Received a gift from Nemelex Xobeh
  5363 | D:5      | Entered Level 5 of the Dungeon
  5505 | D:5      | Reached skill level 5 in Fighting
  5856 | D:5      | Found Fagoe's Book Shop.
  5936 | D:4      | Reached XP level 8. HP: 56/64 MP: 14/14
  6274 | D:5      | Received a gift from Nemelex Xobeh
  6281 | D:5      | Reached **** piety under Nemelex Xobeh
  6546 | D:5      | Reached skill level 5 in Invocations
  6779 | D:5      | Found Duafo's Hydra Hut.
  6780 | D:5      | Noticed a six-headed hydra
  7074 | D:6      | Reached skill level 6 in Fighting
  7269 | D:6      | Received a gift from Nemelex Xobeh
  7352 | D:6      | Found a transporter.
  7446 | D:6      | Found a transporter.
  8355 | D:6      | Received a gift from Nemelex Xobeh
  8360 | D:6      | Found a staircase to the Ecumenical Temple.
  9029 | D:7      | Reached skill level 7 in Fighting
  9029 | D:7      | Reached XP level 9. HP: 41/72 MP: 15/15
  9322 | D:7      | Reached ***** piety under Nemelex Xobeh
  9546 | D:7      | Received a gift from Nemelex Xobeh
  9827 | D:8      | Reached skill level 1 in Transmutations
  9827 | D:8      | Reached skill level 1 in Fire Magic
  9827 | D:8      | Reached skill level 1 in Poison Magic
  9967 | D:8      | Found a flagged portal.
  9993 | Bailey   | Entered a bailey
 10659 | D:5      | Bought a Trismegistus Codex for 336 gold pieces
 10663 | D:5      | Learned a level 3 spell: Ignite Poison
 11427 | D:8      | Noticed a two-headed ogre
 11432 | D:8      | Killed a two-headed ogre
 11433 | D:8      | Reached XP level 10. HP: 79/79 MP: 15/17
 11470 | D:8      | Received a gift from Nemelex Xobeh
 11908 | D:9      | Noticed Psyche
 11916 | D:9      | Killed Psyche
 11917 | D:9      | Reached skill level 5 in Spellcasting
 12683 | D:9      | Found Sar Cisu's Armour Boutique.
 12683 | D:9      | Found a staircase to the Orcish Mines.
 12688 | D:9      | Found Vocoite's Weapon Boutique.
 12709 | D:9      | Learned a level 3 spell: Mephitic Cloud
 13402 | D:10     | Entered Level 10 of the Dungeon
 13403 | D:10     | Noticed a two-headed ogre
 13423 | D:9      | Reached skill level 1 in Air Magic
 13668 | D:10     | Noticed a two-headed ogre
 13676 | D:10     | Killed a two-headed ogre
 13739 | D:10     | Noticed Joseph
 13854 | D:10     | Received a gift from Nemelex Xobeh
 13864 | D:10     | Killed a two-headed ogre
 13865 | D:10     | Reached XP level 11. HP: 84/84 MP: 19/22
 13869 | D:10     | Noticed a two-headed ogre
 13879 | D:10     | Noticed a soul eater
 13889 | D:10     | Killed a two-headed ogre
 14227 | D:10     | Found a bloodstained altar of Trog.
 14227 | D:10     | Found an ancient bone altar of Kikubaaqudgha.
 14234 | D:10     | Found a sparkling altar of Nemelex Xobeh.
 14238 | D:10     | Found an ornate altar of the Wu Jian Council.
 14369 | D:10     | Found a staircase to the Lair.
 14573 | D:11     | Noticed a boulder beetle
 14584 | D:11     | Noticed a two-headed ogre
 14752 | Lair:1   | Entered Level 1 of the Lair of Beasts
 14752 | Lair:1   | Received a gift from Nemelex Xobeh
 14799 | Lair:1   | Found a frozen archway.
 14927 | IceCv    | Entered an ice cave
 14990 | IceCv    | Noticed a death yak
 15001 | IceCv    | Reached skill level 5 in Conjurations
 15003 | IceCv    | Reached skill level 5 in Air Magic
 15005 | IceCv    | Killed a death yak
 15480 | IceCv    | Received a gift from Nemelex Xobeh
 15516 | IceCv    | Noticed a death yak
 15519 | IceCv    | Noticed a death yak
 15521 | IceCv    | Killed a death yak
 15524 | IceCv    | Killed a death yak
 15534 | IceCv    | Noticed a frost giant
 15669 | IceCv    | Killed a frost giant
 15670 | IceCv    | Reached skill level 10 in Spellcasting
 15670 | IceCv    | Reached XP level 12. HP: 46/91 MP: 24/26
 16161 | IceCv    | Reached skill level 5 in Short Blades
 16190 | IceCv    | Noticed a death yak
 16218 | IceCv    | Reached skill level 1 in Dodging
 16411 | IceCv    | Killed a death yak
 16888 | Lair:1   | Found a runed translucent door.
 16889 | Lair:1   | Noticed LnG's ghost (journeyman HOFi)
 16932 | Lair:1   | Reached ****** piety under Nemelex Xobeh
 16932 | Lair:1   | Received a gift from Nemelex Xobeh
 17018 | Lair:1   | Reached skill level 8 in Fighting
 17018 | Lair:1   | Reached skill level 1 in Long Blades
 17099 | Lair:1   | Received a gift from Nemelex Xobeh
 17378 | Lair:1   | Received a gift from Nemelex Xobeh
 17436 | Lair:1   | Reached skill level 1 in Shields
 17767 | Lair:1   | Upgraded the game from 0.29.1-debian-1-gc3f1650bb9 to
                  | 0.30-a0-116-g3b1a8e4ee4
 17770 | Lair:2   | Noticed a six-headed hydra
 17780 | Lair:2   | Killed a six-headed hydra
 18661 | Lair:2   | Received a gift from Nemelex Xobeh
 18882 | Lair:2   | Found a staircase to the Shoals.
 19570 | Lair:2   | Noticed Gastronok
 19601 | Lair:2   | Killed Gastronok
 19602 | Lair:2   | Gained mutation: You are strongly in touch with the powers
                  | of death. [Mummy growth]
 19602 | Lair:2   | Reached XP level 13. HP: 100/100 MP: 27/27
 19678 | Lair:2   | Found a hole to the Spider Nest.
 19809 | Lair:2   | Received a gift from Nemelex Xobeh
 20373 | D:5      | Bought the Unrestrained Analects for 528 gold pieces
 20378 | D:5      | Learned a level 4 spell: Olgreb's Toxic Radiance
 20652 | Lair:3   | Received a gift from Nemelex Xobeh
 20919 | Lair:3   | Reached skill level 5 in Poison Magic
 21455 | Lair:3   | Received a gift from Nemelex Xobeh
 22376 | Lair:4   | Received a gift from Nemelex Xobeh
 22402 | Lair:4   | Found a staircase to the Slime Pits.
 22403 | Lair:4   | Found a viscous altar of Jiyva.
 22897 | Lair:4   | Received a gift from Nemelex Xobeh
 23140 | Lair:4   | Reached skill level 9 in Fighting
 23236 | Lair:4   | Received a gift from Nemelex Xobeh
 23833 | Lair:5   | Entered Level 5 of the Lair of Beasts
 23850 | Lair:5   | Reached skill level 5 in Long Blades
 23928 | Lair:5   | Found a dark tunnel.
 23939 | Volcano  | Entered a volcano
 24564 | Volcano  | Found a burning altar of Makhleb.
 24836 | Volcano  | Received a gift from Nemelex Xobeh
 25203 | Lair:5   | Reached XP level 14. HP: 80/109 MP: 22/28
 25707 | Lair:5   | Reached skill level 10 in Fighting
 25765 | Lair:5   | Identified the +2 robe of Sehudol {Rampage Regen+}
 25865 | Lair:5   | Received a gift from Nemelex Xobeh
 27553 | Orc:1    | Entered Level 1 of the Orcish Mines
 27779 | Orc:2    | Entered Level 2 of the Orcish Mines
 27793 | Orc:2    | Found a staircase to the Elven Halls.
 27818 | Orc:2    | Received a gift from Nemelex Xobeh
 27935 | Orc:2    | Received a gift from Nemelex Xobeh
 27939 | Orc:2    | Noticed Donald
 27946 | Orc:2    | Killed Donald
 28117 | Orc:2    | Noticed an orc warlord
 28132 | Orc:2    | Killed an orc warlord
 28290 | Orc:2    | Received a gift from Nemelex Xobeh
 28552 | Orc:2    | Found Fess's Jewellery Boutique.
 28651 | Orc:2    | Found a radiant altar of Vehumet.
 28651 | Orc:2    | Noticed Erolcha
 28662 | Orc:2    | Killed Erolcha
 28682 | Orc:2    | Found Baer's Magic Scroll Boutique.
 28691 | Orc:2    | Noticed Nergalle
 28697 | Orc:2    | Found an ancient bone altar of Kikubaaqudgha.
 28701 | Orc:2    | Killed Nergalle
 28812 | Orc:2    | Bought a scroll of enchant weapon for 97 gold pieces
 28812 | Orc:2    | Bought a scroll of immolation for 52 gold pieces
 28812 | Orc:2    | Bought a scroll of teleportation for 39 gold pieces
 28839 | Orc:2    | Found Tihejiapn's Antique Weapon Shop.
 28840 | Orc:2    | Received a gift from Nemelex Xobeh
 28867 | Orc:2    | Found Oskenir's Book Shop.
 29053 | Orc:2    | Bought a ring of protection from fire for 300 gold pieces
 29065 | Orc:2    | Upgraded the game from 0.30-a0-116-g3b1a8e4ee4 to
                  | 0.30-a0-118-ga018f8e90f
 29213 | D:10     | Killed Joseph
 29328 | D:11     | HP: 5/111 [acid dragon/splash of acid (30)]
 29830 | D:11     | Reached skill level 11 in Fighting
 30046 | D:11     | Received a gift from Nemelex Xobeh
 30265 | D:12     | Noticed Maurice
 30282 | D:12     | Paralysed by something for 4 turns
 30286 | D:12     | Killed Maurice
 30438 | D:12     | Noticed Sonja
 30443 | D:12     | Killed Sonja
 30683 | D:12     | Received a gift from Nemelex Xobeh
 30814 | D:12     | Reached XP level 15. HP: 115/119 MP: 30/30
 31007 | D:13     | Found a transporter.
 31289 | D:13     | Received a gift from Nemelex Xobeh
 31298 | D:13     | Reached skill level 10 in Invocations
 31463 | D:13     | Noticed jlumianski's ghost (journeyman DsGl)
 31471 | D:13     | Identified the +9 great mace of Bim Zoah {venom, Contam
                  | rElec rC+++ Int+3}
 31471 | D:13     | Identified the +7 great mace "Ushyrorph" {vorpal, *Rage
                  | rPois rN+ rCorr}
 31576 | D:13     | Learned a level 4 spell: Dispel Undead
 31576 | D:13     | Found a transporter.
 31772 | D:13     | Reached skill level 1 in Necromancy
 32137 | D:13     | Received a gift from Nemelex Xobeh
 32339 | D:13     | Noticed Snorg
 32348 | D:13     | Killed Snorg
 32566 | D:13     | Received a gift from Nemelex Xobeh
 32633 | D:13     | Found a gate to the Vaults.
 33023 | D:14     | Received a gift from Nemelex Xobeh
 33064 | D:14     | Reached skill level 5 in Necromancy
 33279 | D:14     | Noticed Frances
 33292 | D:14     | Killed Frances
 33461 | D:14     | Noticed Kirke
 33491 | D:14     | Noticed a sphinx
 33491 | D:14     | Killed Kirke
 33670 | D:14     | Received a gift from Nemelex Xobeh
 33859 | D:14     | Found a portal to a secret trove of treasure.
 34164 | D:15     | Entered Level 15 of the Dungeon
 34306 | D:15     | Received a gift from Nemelex Xobeh
 35547 | D:13     | Learned a level 1 spell: Apportation
 36257 | Spider:1 | Entered Level 1 of the Spider Nest
 37010 | Spider:1 | Reached skill level 12 in Fighting
 37752 | Spider:1 | Received a gift from Nemelex Xobeh
 37800 | Spider:1 | Reached XP level 16. HP: 85/129 MP: 19/31
 38062 | Spider:1 | Reached skill level 5 in Dodging
 38144 | Spider:1 | Reached skill level 13 in Fighting
 39940 | Spider:2 | Reached skill level 14 in Fighting
 40271 | Spider:3 | Identified the +1 long sword of Honesty {venom, rPois rF-
                  | rCorr Stlth+}
 40506 | Spider:3 | Received a gift from Nemelex Xobeh
 40507 | Spider:3 | Identified a scroll of acquirement
 40508 | Spider:3 | Acquired 620 gold pieces
 40714 | Spider:3 | Reached skill level 10 in Long Blades
 41349 | Spider:3 | Received a gift from Nemelex Xobeh
 41697 | Spider:4 | Entered Level 4 of the Spider Nest
 41703 | Spider:4 | Reached skill level 15 in Fighting
 42502 | Spider:4 | Received a gift from Nemelex Xobeh
 43064 | Spider:4 | Reached XP level 17. HP: 133/142 MP: 22/32
 44541 | Spider:4 | Got a gossamer rune of Zot
 44744 | Shoals:1 | Entered Level 1 of the Shoals
 44744 | Shoals:1 | Found Cuiwah's Distillery.
 44772 | Shoals:1 | Found a flickering gateway to a bazaar.
 44792 | Bazaar   | Entered a bazaar
 44897 | Bazaar   | Found Ymask's Jewellery Emporium.
 44905 | Bazaar   | Found Nuthruuno's Book Boutique.
 44906 | Bazaar   | Received a gift from Nemelex Xobeh
 44946 | Bazaar   | Found Qeamnulova's Jewellery Shoppe.
 44954 | Bazaar   | Found Kiygypha's Armour Shop.
 44985 | Bazaar   | Bought the amulet of Velit {Spirit Regen+} for 333 gold
                  | pieces
 45287 | Shoals:1 | Received a gift from Nemelex Xobeh
 45481 | Shoals:1 | Found Nuav Anu's Book Boutique.
 45484 | Shoals:1 | Bought Great Wizards, Vol. II for 608 gold pieces
 45490 | Shoals:1 | Learned a level 5 spell: Borgnjor's Vile Clutch
 45695 | Shoals:2 | Found Ziagitis's Assorted Antiques.
 45745 | Shoals:2 | Bought a scroll of teleportation for 108 gold pieces
 45745 | Shoals:2 | Bought a scroll of teleportation for 108 gold pieces
 45749 | Shoals:2 | Noticed Ilsuiw
 45755 | Shoals:2 | Reached skill level 1 in Earth Magic
 45763 | Shoals:2 | Killed Ilsuiw
 46084 | Shoals:2 | Received a gift from Nemelex Xobeh
 46169 | Shoals:2 | Noticed Nikola
 46213 | Shoals:2 | Killed Nikola
 46503 | Shoals:2 | Found Banluwo's Magic Scroll Emporium.
 46510 | Shoals:2 | Bought a scroll of enchant weapon for 105 gold pieces
 46510 | Shoals:2 | Bought a scroll of enchant armour for 105 gold pieces
 46510 | Shoals:2 | Bought a scroll of enchant weapon for 105 gold pieces
 46580 | Shoals:2 | Received a gift from Nemelex Xobeh
 47365 | Shoals:3 | Received a gift from Nemelex Xobeh
 47485 | Shoals:4 | Entered Level 4 of the Shoals
 48486 | Shoals:4 | Reached XP level 18. HP: 149/151 MP: 21/33
 48720 | Shoals:4 | Reached skill level 16 in Fighting
 48944 | Shoals:4 | Reached skill level 5 in Earth Magic
 49116 | Shoals:4 | Received a gift from Nemelex Xobeh
 49171 | Shoals:4 | Reached skill level 10 in Necromancy
 49539 | Shoals:4 | Got a barnacled rune of Zot
 49788 | Orc:2    | Bought a +6 ring of intelligence for 432 gold pieces
 49857 | Elf:1    | Entered Level 1 of the Elven Halls
 50254 | Elf:1    | Got the Octavo of Creation
 50267 | Elf:1    | Identified the +7 flail of Hiytunot {vorpal, +Blink Will+
                  | Stlth+}
 50508 | Elf:1    | Received a gift from Nemelex Xobeh
 50644 | Elf:1    | Reached skill level 17 in Fighting
 51091 | Elf:2    | Identified the +0 helmet "Emoplum" {rN++ Str-3}
 51164 | Elf:2    | Identified the +10 plate armour "Eneull" {-Tele Fly rC+
                  | rN+}
 51167 | Elf:2    | Identified the ring "Asuucogu" {+Blink rElec rC+ Str+6
                  | Int-4}
 51176 | Elf:2    | Got the Encyclopedia of Coarse Diablerie
 51401 | Elf:2    | Received a gift from Nemelex Xobeh
 51621 | Elf:2    | Found a runed translucent gate.
 51621 | Elf:2    | Found a runed translucent gate.
 51644 | Elf:2    | Found a runed translucent gate.
 51741 | Elf:2    | Received a gift from Nemelex Xobeh
 51999 | Elf:3    | Entered Level 3 of the Elven Halls
 52102 | Elf:3    | Found Wouddialu's Weapon Emporium.
 52352 | Elf:3    | Received a gift from Nemelex Xobeh
 52365 | Elf:3    | Paralysed by an air elemental for 1 turns
 52576 | Elf:3    | Received a gift from Nemelex Xobeh
 52814 | Elf:3    | Reached XP level 19. HP: 160/161 MP: 5/34
 52953 | Elf:3    | Identified the +8 rapier "Imp's Nightmare" {speed, rF-
                  | Int+4 Dex+4}
 53100 | Elf:3    | Identified the ring "Cenn" {rPois rC+++ Will+ Str-3 Stlth+}
 53484 | Elf:3    | Identified the +1 rapier of Reziovoe {vorpal, Fly Int+4}
 53489 | Elf:3    | Identified the +5 halberd of the Tent {spect, rN+}
 53695 | Elf:3    | Identified the +9 mace of Lyxkuid {holy, rF+ Str+4}
 54163 | Elf:3    | Received a gift from Nemelex Xobeh
 54329 | Elf:3    | Found Buohioth's Book Shop.
 54330 | Elf:3    | Found Wyed's Jewellery Emporium.
 54331 | Elf:3    | Found Fuom's Book Shop.
 54678 | Vaults:1 | Entered Level 1 of the Vaults
 54769 | Vaults:1 | Reached skill level 1 in Armour
 55121 | Vaults:1 | Noticed a dread lich
 55127 | Vaults:1 | Killed a dread lich
 55241 | Vaults:1 | Received a gift from Nemelex Xobeh
 56154 | Vaults:1 | Mangled by a fire giant

Illustrated notes

Levels and vault maps discovered:
D:1:      eino_arrival_druids_welcome, layout_basic,
          hellmonk_ecumenical_altar_watching_god
D:2:      layout_basic, item_on_display_a, uniq_sigmund, uniq_crazy_yiuf_cottage
D:3:      layout_basic
D:4:      layout_rooms, serial_bayou, serial_bayou_lagoon_a,
          serial_bayou_shore_a, serial_bayou_pond_e, serial_bayou_pond_b,
          nicolae_hexahallways, chequers_serial_rivers_marsh,
          hangedman_decor_push, uniq_ijyb, uniq_blork_the_orc, uniq_pargi
D:5:      layout_loops_ring, serial_shops, nicolae_diamond_shop,
          doesnt_shop_hydraphobe
D:6:      gammafunk_cloud_chamber, layout_basic,
          minmay_temple_entry_enclosed_plants
D:7:      layout_basic
D:8:      layout_cave_pods, enter_bailey_4, minmay_misc_feat_diagonals
D:9:      layout_rooms, orc_david_3, uniq_psyche
D:10:     layout_rooms, chequers_temple_overflow_minitemple,
          grunt_lair_entry_orc_guard_hut, uniq_joseph
D:11:     layout_roguey
D:12:     layout_rooms, uniq_sonja, uniq_maurice
D:13:     layout_stronghold, david_vaults_1, gammafunk_ghost_smash, uniq_snorg
D:14:     layout_loops_ring, chequers_big_river, nicolae_trove_entry_diagonal,
          uniq_frances, uniq_kirke
D:15:     gammafunk_depths_entry_grave, layout_small_grid, uniq_josephine
Lair:1:   beast_lair_carwin_large_1, layout_hall_layers, gammafunk_ghost_grave,
          portal_ice_cave_demonic_guard
Lair:2:   layout_layer_cave, shoals_dummy_entry,
          nicolae_spider_entry_non_spiders, grunt_megastairs_4, uniq_gastronok
Lair:3:   layout_long_grid, serial_forest, infiniplex_forest_end_2,
          infiniplex_forest_clump_small, infiniplex_forest_clump_small,
          infiniplex_forest_clump_curved, infiniplex_forest_lined_corner,
          infiniplex_forest_clump_tiny, infiniplex_forest_end_2
Lair:4:   layout_cave_pods, slime_entry_1, nicolae_lair_lindhole,
          lemuel_fruit_tree, lemuel_fruit_fields
Lair:5:   guppyfry_lair_end_dragon, layout_regular_city,
          hangedman_lair_tendril_chambers, enter_volcano_2,
          infiniplex_staircase_pool
Shoals:1: layout_shoals, serial_shops, bzr_entry_customers,
          nicolae_shop_window_shopping, shop
Shoals:2: layout_shoals, serial_shops, nicolae_shop_stone, shop_fountains,
          uniq_nikola, uniq_ilsuiw
Shoals:3: layout_shoals
Shoals:4: shoals_end_simple, layout_shoals
Spider:1: layout_spider_delve
Spider:2: layout_spider_delve, spiders_nest_hornet_nest
Spider:3: layout_cave_pods
Spider:4: grunt_spider_rune_circles, nicolae_spider_rock_and_or_roll
Orc:1:    layout_caves, elf_legates
Orc:2:    kennysheep_orc_mage_school, layout_diamond_mine, uniq_donald
Elf:1:    nicolae_elf_arrival_no_cutting_in_line, layout_geoelf_octagon,
          minmay_elf_demonology, uniq_louise
Elf:2:    nicolae_elf_blades_splatter_lattice
          [nicolae_blade_entry_area_security], layout_rooms, serial_glass,
          glass_columns_c, glass_columns_a, glass_columns_c, glass_columns_a,
          glass_columns_a, glass_columns_c, item_on_display_b, feat_on_display,
          feat_on_display, due_unseen_surprise, uniq_agnes
Elf:3:    minmay_elf_hall_furrowed, layout_loops_cross, serial_shops, shop,
          minmay_shop_grove
Vaults:1: vaults_room_semicircle, v_alt_pattern_5, st_greater_box_5,
          vaults_room_large_hall, vaults_dpeg_emergency_exit,
          nicolae_vaults_ring_of_whatevers, v_alt_pattern_2, v_misc_8,
          nicolae_vaults_sealed_display, v_misc_30, layout_vaults_maze

Skill      XL: |  1  2  3  4  5  6  7  8  9 10 11 12 13 14 15 16 17 18 19 |
---------------+----------------------------------------------------------+-----
Fighting       | 1 3 4 5 7 8 9 11 12 15 17 | 17.4
Conjurations   | 1 4 6 |  6.2
Invocations    | 2 3 4 6 7 8 9 10 12 | 12.3
Short Blades   | 2 3 4 5 |  5.8
Transmutations | 3 4 |  4.1
Fire Magic     | 3 4 |  4.1
Poison Magic   | 3 4 8 9 |  9.0
Spellcasting   | 7 10 11 | 11.0
Air Magic      | 3 5 6 |  6.0
Dodging        | 2 4 6 |  6.7
Long Blades    | 4 5 7 8 11 13 | 13.5
Shields        | 3 4 |  4.0
Necromancy     | 7 9 12 | 12.6
Earth Magic    | 4 7 9 |  9.5
Armour         | 4 |  4.1
Hexes          | |  4.5
Evocations     | |  1.5

Action                   |  1- 3 |  4- 6 |  7- 9 | 10-12 | 13-15 | 16-18 | 19-21 || total
-------------------------+-------+-------+-------+-------+-------+-------+-------++-------
Melee: Dagger            |   187 |   169 |   418 |   406 |   196 |       |       ||  1376
       Punch             |     2 |     2 |     4 |     3 |       |       |       ||    11
       Demon blade       |       |       |       |       |   384 |   925 |   261 ||  1570
 Cast: Slow              |    28 |    16 |    21 |     3 |     2 |       |     1 ||    71
       Ignite Poison     |       |       |     5 |    71 |   164 |   128 |    13 ||   381
       Mephitic Cloud    |       |       |       |    39 |    19 |    10 |       ||    68
       Olgreb's Toxic Ra |       |       |       |       |   193 |   253 |    23 ||   469
       Dispel Undead     |       |       |       |       |     3 |    14 |     3 ||    20
       Apportation       |       |       |       |       |     2 |     1 |       ||     3
       Borgnjor's Vile C |       |       |       |       |       |    16 |    22 ||    38
Invok: Draw Destruction  |     1 |     7 |    21 |    28 |    47 |    27 |    18 ||   149
       Draw Summoning    |       |     1 |     6 |     3 |     5 |     2 |     3 ||    20
       Draw Escape       |       |       |     7 |     3 |       |     9 |       ||    19
       Stack Five        |       |       |       |     1 |       |     1 |       ||     2
       Draw Stack        |       |       |       |       |     1 |     1 |     1 ||     3
       Deal Four         |       |       |       |       |       |     2 |     1 ||     3
Evoke: Wand              |       |       |     8 |       |       |     3 |       ||    11
       Phantom mirror    |       |       |       |       |       |     1 |       ||     1
  Use: Scroll            |       |       |    12 |     7 |    10 |    15 |       ||    44
 Stab: Sleeping          |     1 |       |       |       |       |       |       ||     1
       Invisible         |       |       |       |     1 |       |       |       ||     1
       Confused          |       |       |       |    10 |     4 |     2 |       ||    16
Armor: Leather armour    |    49 |    59 |    85 |       |       |       |       ||   193
       Acid dragon scale |       |       |     8 |   147 |    74 |       |       ||   229
       Ring mail         |       |       |       |       |   245 |   480 |   115 ||   840
Dodge: Dodged            |   103 |    89 |   207 |   161 |   295 |   623 |   125 ||  1603
Block: Buckler           |       |       |       |    37 |   220 |   285 |    61 ||   603

Table legend: (Time is in decaauts)
 A = Elapsed time spent in this place.
 B = Non-inter-level travel time spent in this place.
 C = Inter-level travel time spent in this place.
 D = Time resting spent in this place.
 E = Time spent auto-exploring this place.
 F = Levels seen in this place.
 G = Mean time per level.
                   A        B        C        D        E       F      G
               +--------+--------+--------+--------+--------+-----+--------+
         Total |  55864 |  52772 |   3092 |   7866 |  36196 |  38 | 1470.1 |
       Dungeon |  22176 |  20712 |   1464 |   4512 |  13075 |  15 | 1478.4 |
          Lair |   9928 |   9304 |    624 |    578 |   7367 |   5 | 1985.6 |
        Shoals |   4742 |   4582 |    160 |     11 |   3741 |   4 | 1185.5 |
   Spider Nest |   8223 |   7906 |    317 |   1572 |   5092 |   4 | 2055.8 |
  Orcish Mines |   1785 |   1490 |    295 |      0 |   1219 |   2 |  892.5 |
   Elven Halls |   4598 |   4369 |    229 |    138 |   3418 |   3 | 1532.7 |
        Vaults |   1298 |   1298 |      0 |      0 |    997 |   1 | 1298.0 |
        Bazaar |    212 |    212 |      0 |      0 |    177 |   1 |  212.0 |
        Bailey |     35 |     35 |      0 |      0 |     16 |   1 |   35.0 |
      Ice Cave |   1885 |   1885 |      0 |    511 |    971 |   1 | 1885.0 |
       Volcano |    979 |    979 |      0 |    544 |    122 |   1 |  979.0 |
               +--------+--------+--------+--------+--------+-----+--------+

Top non-repeatable levels by time:
    D:13: 3094 daAuts
Spider:1: 2721 daAuts
  Lair:5: 2586 daAuts
  Lair:2: 2440 daAuts
   Elf:3: 2326 daAuts
     D:8: 2201 daAuts
Spider:4: 2160 daAuts
Spider:3: 2125 daAuts
Shoals:4: 2066 daAuts
    D:14: 2038 daAuts
   IceCv: 1885 daAuts
     D:1: 1811 daAuts
  Lair:3: 1804 daAuts
     D:7: 1737 daAuts
     D:4: 1716 daAuts
